 Dungeon Crawl Stone Soup version 0.28-a0-1202-g1e6f1b2279 (webtiles) character file.

Game seed: 5179845257601265272

28 Grim the Vexing (level 3, 0/20 HPs)
             Began as a Deep Elf Arcane Marksman on Dec 20, 2021.
             Slain by a jackal (2 damage)
             ... on level 1 of the Dungeon.
             The game lasted 00:03:12 (1505 turns).

Grim the Vexing (Deep Elf Arcane Marksman)          Turns: 1505, Time: 00:03:13

Health: 0/20       AC:  2    Str:  7    XL:     3   Next: 0%
Magic:  6/7        EV: 13    Int: 17    God:
Gold:   30         SH:  0    Dex: 17    Spells: 4/5 levels left

rFire   . . .      SeeInvis .   a - +0 shortbow
rCold   . . .      Faith    .   (shield currently unavailable)
rNeg    . . .      Spirit   .   d - +0 robe
rPois   .          Reflect  .   (no helmet)
rElec   .          Harm     .   (no cloak)
rCorr   .          Rampage  .   (no gloves)
Will    .....                   (no boots)
Stlth   ++........              (no amulet)
HPRegen 0.06/turn               (no ring)
MPRegen 0.10/turn               (no ring)

@: no status effects
A: no striking features
a: no special abilities


You were on level 1 of the Dungeon.
You visited 1 branch of the dungeon, and saw 1 of its levels.

You collected 30 gold pieces.

Inventory:

Hand Weapons
 a - a +0 shortbow (weapon)
Armour
 d - a +0 robe (worn)
Scrolls
 b - a scroll of identify {unknown}
 e - a scroll of blinking {unknown}


   Skills:
 - Level 0.7 Fighting
 + Level 3.8 Bows
 - Level 2.4 Dodging
 - Level 1.5 Spellcasting
 + Level 4.9 Hexes


You had 4 spell levels left.
You knew the following spells:

 Your Spells              Type           Power      Damage    Failure   Level
a - Slow                  Hex            68%        N/A       2%          1

Your spell library contained the following spells:

 Spells                   Type           Power      Damage    Failure   Level
 Inner Flame              Hex/Fire       9%         N/A       22%         3
 Portal Projectile        Hex/Tloc       18%        N/A       22%         3
 Cause Fear               Hex            8%         N/A       26%         4


Dungeon Overview and Level Annotations

Branches:
Dungeon (1/15)

Altars:


Message History

The jackal barely misses you.
Fire: 4 arrows
Press: ? - help, Q - select action, (/) - cycle Shift-Dir - straight line, f/p - jackal
Aim: a jackal (heavily wounded, slow, 53% to hit)
You shoot an arrow.
The arrow hits the jackal but does no damage.
The jackal is heavily wounded.
The jackal closely misses you. The jackal barely misses you.
Fire: 3 arrows
Press: ? - help, Q - select action, (/) - cycle Shift-Dir - straight line, f/p - jackal
Aim: a jackal (heavily wounded, slow, 53% to hit)
You shoot an arrow.
The arrow hits the jackal but does no damage.
The jackal is heavily wounded.
The jackal bites you.
* * * LOW HITPOINT WARNING * * *
Fire: 2 arrows
Press: ? - help, Q - select action, (/) - cycle Shift-Dir - straight line, f/p - jackal
Aim: a jackal (heavily wounded, slow, 53% to hit)
You shoot an arrow. The arrow hits the jackal.
The jackal is severely wounded.
The jackal misses you.
Fire: arrow
Press: ? - help, Q - select action, (/) - cycle Shift-Dir - straight line, f/p - jackal
Aim: a jackal (heavily wounded, slow, 53% to hit)
You shoot an arrow. The arrow barely misses the jackal.
The arrow closely misses the jackal.
The arrow barely misses the jackal.
The jackal bites you but does no damage.
The jackal is no longer moving slowly.
The jackal bites you.
* * * LOW HITPOINT WARNING * * *
Casting: Slow (safe; 2% risk of failure)
Confirm with . or Enter, or press ? or * to list all spells.
Aiming: Slow (safe; 2% risk of failure)
Press: ? - help, Shift-Dir - straight line, f/p - jackal
Aim: a jackal (heavily wounded, chance to affect: 71%)
The jackal seems to slow down.
The jackal bites you.
You die...

#. ##### #. #...# .##.#
#.#.####### ..#.# ### #.#.......#
####.#.# ..#####.#.###.#.#
#....#.# ........#.###.#.#
####.##.#.#
#÷##.####.###.#.#######.......#.#
#.............#.@.......#.###...#
####.########.#.#h#####.#.##....#
####.####.# #...#h# #.##......#
....†..##.# #####.# #.#.......#
####.#.##.#######h#####...###..##
#.#.##............#.........#
#..÷..............#.........##
###.##..######.#..#...........
#.##..# ###.#...........###


You could see 3 jackals.

Vanquished Creatures
  A dart slug (D:1)
  5 bats (D:1)
  An endoplasm (D:1)
  4 giant cockroaches (D:1)
  A goblin (D:1)
  4 hobgoblins (D:1)
  2 kobolds (D:1)
  A ball python (D:1)
  A frilled lizard (D:1)
  A rat (D:1)
21 creatures vanquished.

Notes
Turn   | Place    | Note
-------+----------+-------------------------------------------
     0 | D:1      | Grim the Deep Elf Arcane Marksman began the quest for the
                  | Orb.
     0 | D:1      | Reached XP level 1. HP: 11/11 MP: 5/5
   380 | D:1      | Reached XP level 2. HP: 5/16 MP: 2/6
  1333 | D:1      | Reached XP level 3. HP: 20/20 MP: 7/7
  1505 | D:1      | Slain by a jackal

Illustrated notes

Levels and vault maps discovered:
D:1:      minmay_arrival_radiant_lines, layout_loops_ring,
          shapermc_ecumenical_altar_pompeii, minmay_misc_feat_square,
          chequers_serial_rivers_micro_c, minmay_misc_feat_encased,
          minmay_tetromino_t4

Skill      XL: |  1 |
---------------+----+-----
Bows           | 3 |  3.8
Fighting       | |  0.7
Dodging        | |  2.4
Spellcasting   | |  1.5
Hexes          | |  4.9

Action                   || total
-------------------------++-------
 Fire: Shortbow          ||    79
 Cast: Slow              ||    18
Armor: Robe              ||    13
Dodge: Dodged            ||    39

Table legend: (Time is in decaauts)
 A = Elapsed time spent in this place.
 B = Non-inter-level travel time spent in this place.
 C = Inter-level travel time spent in this place.
 D = Time resting spent in this place.
 E = Time spent auto-exploring this place.
 F = Levels seen in this place.
 G = Mean time per level.
                   A        B        C        D        E       F      G
               +--------+--------+--------+--------+--------+-----+--------+
         Total |   1515 |   1515 |      0 |    844 |    332 |   1 | 1515.0 |
       Dungeon |   1515 |   1515 |      0 |    844 |    332 |   1 | 1515.0 |
               +--------+--------+--------+--------+--------+-----+--------+

Top non-repeatable levels by time:
     D:1: 1515 daAuts
